 Dungeon Crawl Stone Soup version 0.28.0-43-g3370ac3207 (webtiles) character file.

Game seed: 5710206015607899068

65 sking99 the Charlatan (level 3, -1/30 HPs)
             Began as a Draconian Artificer on Mar 25, 2022.
             Killed from afar by Natasha (5 damage)
             ... with a magic dart
             ... on level 2 of the Dungeon.
             The game lasted 00:02:09 (2134 turns).

sking99 the Charlatan (Draconian Artificer)         Turns: 2134, Time: 00:02:10

Health: -1/30      AC:  5    Str: 16    XL:     3   Next: 92%
Magic:  3/3        EV: 12    Int: 11    God:
Gold:   72         SH:  0    Dex: 11    Spells: 2/2 levels left

rFire   . . .      SeeInvis .   a - +0 club
rCold   . . .      Faith    .   (no shield)
rNeg    . . .      Spirit   .   (armour unavailable)
rPois   .          Reflect  .   (helmet restricted)
rElec   .          Harm     .   (no cloak)
rCorr   .          Rampage  .   (no gloves)
Will    .....                   (no boots)
Stlth   +.........              (no amulet)
HPRegen 0.10/turn               (no ring)
MPRegen 0.08/turn               (no ring)

@: slowed, very slow
A: AC +5, unfitting armour, cold-blooded
a: no special abilities


You were on level 2 of the Dungeon.
You visited 1 branch of the dungeon, and saw 2 of its levels.

You collected 72 gold pieces.

Inventory:

Hand Weapons
 a - a +0 club (weapon)
Wands
 c - a wand of charming (15)
Scrolls
 f - a scroll of noise {unknown}
 g - a scroll of fear {unknown}
Potions
 e - 2 potions of lignification {unknown}
 h - a potion of berserk rage {unknown}
 i - a potion of flight {unknown}
Miscellaneous
 d - a piece from Xom's chessboard (15/15)


   Skills:
 + Level 2.5 Fighting
 + Level 2.9 Dodging
 - Level 0.8 Stealth
 + Level 3.7 Evocations


You had 2 spell levels left.
You didn't know any spells.
Your spell library was empty.

Dungeon Overview and Level Annotations

Branches:
Dungeon (2/15)

Altars:

Annotations:
D:2 Natasha


Innate Abilities, Weirdness & Mutations

Your plain brown scales are hard. (AC +5)
You cannot fit into any form of body armour.
You are cold-blooded and may be slowed by cold attacks.


Message History

Press: ? - help, Q - select action, (/) - cycle Shift-Dir - straight line, f - Natasha
Aim: Natasha (lightly wounded, 64% to hit)
The puff of flame misses Natasha.
The crimson imp hits you but does no damage.
Natasha barely misses you.
Aiming: Throw Flame
Press: ? - help, Q - select action, (/) - cycle Shift-Dir - straight line, f/p - Natasha
Aim: Natasha (lightly wounded, 64% to hit)
The puff of flame hits Natasha.
Natasha is heavily wounded.
The crimson imp hits you but does no damage.
Natasha misses you.
Aiming: Throw Flame
Press: ? - help, Q - select action, (/) - cycle Shift-Dir - straight line, f/p - Natasha
Aim: Natasha (heavily wounded, 64% to hit)
The puff of flame misses Natasha.
The now-empty wand crumbles to dust.
The crimson imp blinks!
Natasha claws you.
Unknown command.
You barely miss Natasha.
Your tail-slap misses Natasha.
Natasha is heavily wounded.
Natasha casts a spell at you.
You feel yourself slow down.
The crimson imp blinks!
You barely miss Natasha.
Natasha is heavily wounded.
Natasha claws you.
Natasha stares at you and mumbles some strange words.
The magic dart hits you!
* * * LOW HITPOINT WARNING * * *
You hit Natasha but do no damage.
Natasha is moderately wounded.
Natasha claws you.
* * * LOW HITPOINT WARNING * * *
The crimson imp misses you. Natasha claws you.
* * * LOW HITPOINT WARNING * * *
You hit Natasha but do no damage.
Natasha is moderately wounded.
The crimson imp blinks!
Natasha barely misses you. Natasha casts a spell at you.
The magic dart hits you.
You die...

.........#.........
#<...........###.......
............# #.......
..........## ###.....
...#.....# ####..
#..#.###.## # ..
####(...###..# .##
#.....ยง...##.# ....
#.....@h..##.# ##...
#.........##.##...
#.5.......##..#.#
#.........###...#
#.........###..##
#####.######...#
#.####...#.##..
#..##...........
#...............


You could see Natasha and a crimson imp (summoned).

Vanquished Creatures
  Natasha (D:2)
  A dart slug (D:2)
  4 ball pythons (D:1)
  3 bats (D:1)
  3 endoplasms (D:1)
  A giant cockroach (D:1)
  3 hobgoblins (D:1)
  3 jackals (D:1)
  3 kobolds (D:1)
  3 quokkas (D:1)
  2 frilled lizards (D:1)
  3 goblins (D:1)
  A rat (D:1)
31 creatures vanquished.

Notes
Turn   | Place    | Note
-------+----------+-------------------------------------------
     0 | D:1      | sking99 the Draconian Artificer began the quest for the
                  | Orb.
     0 | D:1      | Reached XP level 1. HP: 16/16 MP: 1/1
   398 | D:1      | Reached XP level 2. HP: 22/23 MP: 2/2
   428 | D:1      | HP: 1/23 [endoplasm (2)]
  1460 | D:1      | Found a faded altar of an unknown god.
  1585 | D:1      | Reached XP level 3. HP: 24/29 MP: 3/3
  2043 | D:2      | Noticed Natasha
  2046 | D:2      | Killed Natasha
  2118 | D:2      | Noticed Natasha
  2134 | D:2      | Killed from afar by Natasha

Illustrated notes

Levels and vault maps discovered:
D:1:      nzn_arrival_crosshair, layout_basic,
          dreamdust_ecumenical_altar_hidden_monk_grotto
D:2:      layout_rooms, guppyfry_early_lair_pool, uniq_sigmund, uniq_natasha

Skill      XL: |  1  2 |
---------------+-------+-----
Fighting       | 2 |  2.5
Dodging        | |  2.9
Stealth        | |  0.8
Evocations     | |  3.7

Action                   || total
-------------------------++-------
Melee: Club              ||   120
       Tailslap          ||    11
       Punch             ||     2
Evoke: Wand              ||    15
Armor: Skin              ||    62
Dodge: Dodged            ||   109
